 Dungeon Crawl Stone Soup version 0.30-a0-141-g30f27751c5 (webtiles) character file.

Game seed: 9473004865221574022

128 qw the Chopper (level 5, -5/32 HPs)
             Began as a Gargoyle Fighter on Sept 25, 2022.
             Slain by Natasha (7 damage)
             ... on level 2 of the Dungeon.
             The game lasted 00:00:39 (2178 turns).

qw the Chopper (Gargoyle Fighter)                   Turns: 2178, Time: 00:00:39

Health: -5/32      AC: 10    Str: 22    XL:     5   Next: 12%
Magic:  5/5        EV:  9    Int:  8    God:
Gold:   2          SH:  4    Dex:  9    Spells: 4/4 levels left

rFire   . . .      SeeInvis .    Y - +0 war axe
rCold   . . .      Faith    .    c - +0 buckler
rNeg    + . .      Spirit   .    b - +0 scale mail
rPois   inf        Reflect  .    (no helmet)
rElec   +          Harm     .    (no cloak)
rCorr   .          Rampage  .    (no gloves)
Will    .....                    (no boots)
Stlth   ..........               (no amulet)
HPRegen 0.10/turn                (no ring)
MPRegen 0.09/turn                (no ring)

@: about to teleport
A: sickness immunity, AC +4, negative energy resistance 1, electricity
resistance, torment resistance 1, petrification resistance
a: no special abilities


You were on level 2 of the Dungeon.
You visited 1 branch of the dungeon, and saw 2 of its levels.

You collected 125 gold pieces.
You spent 123 gold pieces at shops.


Innate Abilities, Weirdness & Mutations

You are immune to sickness and miasma.
Your stone body is resilient. (AC +4)
You are immune to poison.
You resist negative energy. (rN+)
You are resistant to electric shocks. (rElec)
You are resistant to unholy torment.
You are immune to petrification.


   Skills:
 - Level 3.2 Fighting
 + Level 4.7 Axes
 - Level 3.2 Armour
 - Level 3.2 Shields


You had 4 spell levels left.
You didn't know any spells.
Your spell library was empty.

Inventory:

Hand Weapons
 j - a +0 flail
 Y - a +0 war axe (weapon)
Armour
 b - a +0 scale mail (worn)
 c - a +0 buckler (worn)
 n - a +0 cloak
Scrolls
 a - a scroll of teleportation
 f - a scroll of summoning {unknown}
 h - 2 scrolls of identify
 i - 4 scrolls of amnesia {unknown}
 l - a scroll of fog {unknown}
 p - a scroll of magic mapping {unknown}
 q - 3 scrolls of poison {unknown}
 r - a scroll of vulnerability {unknown}
Potions
 d - 2 potions of might
 e - 2 potions of lignification {unknown}
 g - a potion of curing
 k - a potion of brilliance {unknown}
 m - 2 potions of berserk rage {unknown}
 o - a potion of mutation {unknown}
 s - a potion of heal wounds {unknown}

Dungeon Overview and Level Annotations

Branches:
Dungeon (2/15)

Altars:

Shops:
D:2 [(*

Annotations:
D:2 Natasha


Message History

You open the door.
There is an open door here.
Natasha, Servant of Life and Death comes into view.
She is carrying a wand of light (10).
Enter note:
Enter note:
2168 ||| Stepping ~*~*~tactically~*~*~ (hiding).
You start waiting.
Natasha is nearby!
Natasha casts a spell.
You hit Natasha but do no damage.
Natasha zaps a wand.
The bolt of light hits you!
You hit Natasha.
Natasha is moderately wounded.
You block Natasha's attack.
You closely miss Natasha.
Natasha is moderately wounded.
Natasha completely misses you.
Natasha stares at you and mumbles some strange words.
The magic dart hits you.
You hit Natasha but do no damage.
Natasha is moderately wounded.
Natasha claws you but does no damage.
You closely miss Natasha.
Natasha is moderately wounded.
Natasha stares at you and mumbles some strange words.
The magic dart hits you but does no damage.
The crimson imp blinks!
You closely miss Natasha.
Natasha is moderately wounded.
Natasha casts a spell.
Natasha zaps a wand.
The bolt of light hits you!!
Ouch! That really hurt!
2177 ||| READING 2 scrolls of teleportation.
As you read the scroll of teleportation, it crumbles to dust.
You feel strangely unstable. Natasha claws you.
The crimson imp blinks!
You hit Natasha.
Natasha is severely wounded.
Natasha claws you!
You die...

##.## #.........# #.###.#.# #.#
##........# #.# #.#.# #.#
##........# #.###.#.# ##'##
#.........# #.....#.# ##...##
#.#.......# #..####.# #.....##
#.#.......# #..####.# .......##
#.#.....>.# #..##.#%# #
........###....########.....(.###
........'.....5h@...............'
........###....#########.#...####
.......## #.#.## ###.##.## #
#.....## ...... #.....## ##...##
.#.###.# #.#.#.# ##+# #.#.# #.#
#.#.#.# # #.# #.# #.#.#.#### #
#.. #. #.#......# # #.....##.# #


You could see Natasha and a crimson imp (summoned).

Vanquished Creatures
  Jessica (D:2)
  Natasha (twice) (D:2)
  A gnoll (D:1)
  2 dart slugs
  2 ball pythons
  5 bats
  3 endoplasms
  A giant cockroach (D:1)
  4 goblins (D:1)
  4 hobgoblins
  3 jackals (D:2)
  3 kobolds (D:2)
  2 quokkas (D:1)
  2 frilled lizards
  4 rats
39 creatures vanquished.

Notes
Turn   | Place    | Note
-------+----------+-------------------------------------------
     0 | D:1      | qw the Gargoyle Fighter began the quest for the Orb.
     0 | D:1      | Reached XP level 1. HP: 14/14 MP: 1/1
     0 | D:1      | 0 ||| qw: Version: 0.2-a-10-g399e6c4
     0 | D:1      | 0 ||| qw: Game counter: 356
     0 | D:1      | 0 ||| qw: Always use a shield: true
     0 | D:1      | 0 ||| qw: God list: Okawaru
     0 | D:1      | 0 ||| qw: Allow faded altars: false
     0 | D:1      | 0 ||| qw: Do Orc after D:15 true
     0 | D:1      | 0 ||| qw: Do second Lair branch before Depths: true
     0 | D:1      | 0 ||| qw: Lair rune preference: random
     0 | D:1      | 0 ||| qw: Plans: Normal, Zot:1-4, God:TSO, Crypt, Tomb,
                  | Pan, Slime:5, Hells, Abyss, Orb
     0 | D:1      | 0 ||| PLANNING D:1-11
    33 | D:1      | Found a faded altar of an unknown god.
    42 | D:1      | Reached skill level 2 in Axes
   211 | D:1      | Reached XP level 2. HP: 19/19 MP: 2/2
   296 | D:1      | Reached skill level 3 in Axes
   308 | D:1      | 308 ||| DROPPING +0 club.
   383 | D:1      | Reached XP level 3. HP: 21/23 MP: 3/3
   727 | D:1      | 727 ||| Stepping ~*~*~tactically~*~*~ (stealth).
  1147 | D:1      | 1147 ||| READING 3 scrolls labelled IVYNAUNAMA.
  1150 | D:1      | 1150 ||| READING scroll labelled USALUP WUTE.
  1151 | D:1      | 1151 ||| READING 3 scrolls labelled ORCHYS VEPH.
  1152 | D:1      | 1152 ||| READING 2 scrolls labelled FER HUISETOANK.
  1153 | D:1      | 1153 ||| READING scroll labelled ESUTA BEFUMO.
  1154 | D:1      | 1154 ||| READING 2 scrolls of identify.
  1154 | D:1      | 1154 ||| IDENTIFYING brown potion
  1155 | D:1      | 1155 ||| DROPPING scroll of immolation.
  1196 | D:2      | Found Eziq's Antique Armour Shop.
  1199 | D:2      | 1199 ||| SHOPLISTING cloak (99 gold, have 81).
  1320 | D:2      | Noticed Natasha
  1328 | D:2      | Killed Natasha
  1329 | D:2      | Reached XP level 4. HP: 15/28 MP: 4/4
  1330 | D:2      | Noticed Natasha
  1338 | D:2      | Killed Natasha
  1339 | D:2      | Reached skill level 4 in Axes
  1538 | D:2      | Noticed Jessica
  1539 | D:2      | 1539 ||| Stepping ~*~*~tactically~*~*~ (hiding).
  1540 | D:2      | 1540 ||| Stepping ~*~*~tactically~*~*~ (hiding).
  1547 | D:2      | Killed Jessica
  1673 | D:2      | Reached XP level 5. HP: 32/32 MP: 5/5
  1718 | D:2      | Found Kokyu's Weapon Shop.
  1727 | D:2      | 1727 ||| SHOPLISTING +2 broad axe of venom (201 gold, have
                  | 98).
  1727 | D:2      | 1727 ||| SHOPLISTING +2 morningstar of holy wrath (230
                  | gold, have 98).
  1855 | D:2      | Found Jayr's Assorted Antiques.
  1871 | D:2      | 1871 ||| BUYING cloak (103 gold).
  1871 | D:2      | Bought a cloak for 103 gold pieces
  1871 | D:2      | 1871 ||| SHOPLISTING glowing leather armour (115 gold, have
                  | 22).
  1871 | D:2      | 1871 ||| BUYING green potion (20 gold).
  1871 | D:2      | Bought a green potion for 20 gold pieces
  1871 | D:2      | 1871 ||| SHOPLISTING pair of glowing boots (172 gold, have
                  | 2).
  1871 | D:2      | 1871 ||| SHOPLISTING potion of curing (69 gold, have 2).
  1871 | D:2      | 1871 ||| SHOPLISTING scroll of enchant armour (172 gold,
                  | have 2).
  1871 | D:2      | 1871 ||| SHOPLISTING scroll of identify (46 gold, have 2).
  2042 | D:2      | 2042 ||| Stepping ~*~*~tactically~*~*~ (stealth).
  2167 | D:2      | Noticed Natasha
  2168 | D:2      | 2168 ||| Stepping ~*~*~tactically~*~*~ (hiding).
  2176 | D:2      | HP: 3/32 [Natasha/bolt of light (18)]
  2177 | D:2      | 2177 ||| READING 2 scrolls of teleportation.
  2178 | D:2      | Slain by Natasha

Levels and vault maps discovered:
D:1:      roderic_octagonal_star, layout_basic,
          hellmonk_ecumenical_altar_pennies_from_heaven, nicolae_eternal_life,
          minivault_25, nicolae_kite_square_tiling_tiny, minmay_pentomino_u4
D:2:      layout_loops_corners, serial_shops, nicolae_shop_bloodbath_and_beyond,
          shop_fountains, shop, uniq_jessica, uniq_natasha

Skill      XL: |  1  2  3  4 |
---------------+-------------+-----
Axes           | 2 3 4 |  4.7
Fighting       | |  3.2
Armour         | |  3.2
Shields        | |  3.2

Action                   |  1- 3 |  4- 6 || total
-------------------------+-------+-------++-------
Melee: War axe           |    72 |    39 ||   111
  Use: Scroll            |     6 |     1 ||     7
Armor: Scale mail        |    35 |    11 ||    46
Dodge: Dodged            |    27 |    11 ||    38
Block: Buckler           |    15 |     6 ||    21

Table legend:
 A = Non-vault XP
 B = Vault XP
 C = Vault XP percentage of total XP
 D = Non-vault monster count
 E = Vault monster count
 F = Vault count percentage of total count
                 A         B        C        D         E       F
            +---------+---------+-------+---------+---------+-------
      Total |     107 |      77 |  41.8 |      35 |       4 |  10.3
            +---------+---------+-------+---------+---------+-------
        D:1 |      48 |       4 |   7.7 |      20 |       2 |   9.1
        D:2 |      59 |      73 |  55.3 |      15 |       2 |  11.8
            +---------+---------+-------+---------+---------+-------
